 Dungeon Crawl Stone Soup version 0.30.1-11-g7821555f0a (webtiles) character file.

Game seed: 13230290782468222055

2380 Craxx the Grappler (level 9, -4/85 HPs)
             Began as a Troll Fighter on Dec 20, 2023.
             Was a Follower of Trog.
             Killed from afar by Maurice (9 damage)
             ... with a puff of flame
             ... on level 8 of the Dungeon.
             The game lasted 00:25:08 (3724 turns).

Craxx the Grappler (Troll Fighter)                  Turns: 3724, Time: 00:25:09

Health: -4/85      AC:  4    Str: 27 (30) XL:     9   Next: 22%
Magic:  8/8        EV:  9    Int:  2 (4)  God:    Trog [*.....]
Gold:   175        SH: 13    Dex:  6 (9)  Spells: 8/8 levels left

rFire   . .          .
                       - Unarmed
rCold   . . .        b - +0 kite shield
rNeg    + . .        a - +0 robe
rPois   .            (helmet restricted)
rElec   .            (no cloak)
rCorr   .            (gloves unavailable)
SInv    .            (boots unavailable)
Will    .....        g - amulet of reflection
Stlth   +            c - ring of positive energy
HPRegen 1.14/turn    (no ring)
MPRegen 0.11/turn

%: reflection
@: lethally poisoned (-4 -> -5)
A: large, unfitting armour, claws 3, regeneration 1, shaggy fur 1, tough skin 1
a: Renounce Religion, Berserk


You were on level 8 of the Dungeon.
You worshipped Trog.
Trog was aware of your devotion.
You visited 2 branches of the dungeon, and saw 9 of its levels.

You collected 175 gold pieces.

Inventory:

Missiles
 e - 8 stones (quivered)
 m - 5 poisoned darts
Armour
 a - a +0 robe (worn)
 b - a +0 kite shield (worn)
Jewellery
 c - a ring of positive energy (left claw)
 g - an amulet of reflection (around neck)
 q - an amulet of faith
Wands
 d - a wand of iceblast (5)
 l - a wand of quicksilver (15)
Scrolls
 h - a scroll of poison
 i - a scroll of blinking
 n - 3 scrolls of identify
 t - a scroll of torment
Potions
 f - a potion of magic
 j - a potion of invisibility
 s - a potion of degeneration


   Skills:
 * Level 4.5 Fighting
 + Level 4.6 Dodging
 + Level 1.0 Stealth
 + Level 5.8 Shields
 * Level 8.8 Unarmed Combat


You had 8 spell levels left.
You didn't know any spells.
Your spell library contained the following spells:

 Spells                   Type           Power      Damage    Failure   Level
 Apportation              Tloc           0%         N/A       77%         1
 Necrotise                Necr           0%         1d4       77%         1
 Lesser Beckoning         Tloc           0%         N/A       88%         2
 Gell's Gravitas          Tloc           0%         N/A       98%         3
 Stone Arrow              Conj/Erth      0%         3d7       98%         3
 Teleport Other           Tloc           0%         N/A       98%         3
 Vampiric Draining        Necr           0%         2d6       98%         3
 Animate Armour           Summ/Erth      0%         N/A       100%        4
 Agony                    Necr           0%         N/A       100%        5
 Alistair's Intoxication  Tmut/Pois      0%         N/A       100%        5
 Lehudib's Crystal Spear  Conj/Erth      0%         10d2      100%        8


Dungeon Overview and Level Annotations

Branches:
Dungeon (8/15)             Temple (1/1) D:4
   Lair: D:8-11

Altars:
Ashenzari
Cheibriados
Dithmenos
Elyvilon
Fedhas
Gozag
Hepliaklqana
Kikubaaqudgha
Makhleb
Nemelex Xobeh
Okawaru
Sif Muna
Trog
Uskayaw
Vehumet
Xom
Zin
The Shining One

Shops:
D:5 *

Annotations:
D:5 1 runed translucent door
D:8 Maurice


Innate Abilities, Weirdness & Mutations

You are too large for most types of armour.
You have claws for hands.
Your natural rate of healing is unusually fast.
You are covered in fur. (AC +1)
You have tough skin. (AC +1)


Message History

* * * LOW HITPOINT WARNING * * *
The killer bee completely misses you. The killer bee stings you.
* * * LOW HITPOINT WARNING * * *
As you read the scroll of teleportation, it crumbles to dust.
You feel strangely unstable.
You feel sick. The killer bee barely misses you.
You block the killer bee's attack. The killer bee stings you.
* * * LOW HITPOINT WARNING * * *
The kobold hits you but does no damage. The kobold closely misses you.
The kobold brigand hits you with a +3 dagger.
* * * LOW HITPOINT WARNING * * *
You block the killer bee's attack. The killer bee stings you.
* * * LOW HITPOINT WARNING * * *
The killer bee closely misses you.
Unknown command.
The kobold brigand attacks as you move away!
You block the kobold brigand's attack. The kobold attacks as you move away!
The kobold hits you with a +0 dagger.
* * * LOW HITPOINT WARNING * * *
The kobold attacks as you move away! The kobold hits you with a +0 dagger.
* * * LOW HITPOINT WARNING * * *
You feel sick. The killer bee barely misses you.
The killer bee stings you but does no damage.
The killer bee stings you.
* * * LOW HITPOINT WARNING * * *
You block the killer bee's attack.
Blink to where?
Press: ? - help, Dir - move target
As you read the scroll of blinking, it crumbles to dust.
You feel sick.
You can't go down here!
Okay, then.
You stop ascending the stairs.
Your surroundings suddenly seem different.
Maurice, 2 killer bees and a hornet come into view.
Maurice is wielding a +3 dagger of venom and carrying a wand of flame (19).
Found a scroll labelled MAGATAWELE.
You feel sick.
Maurice shouts!
The hornet buzzes angrily.
The killer bee buzzes angrily.
You hear an angry buzzing noise.
You hear a shout!
Maurice zaps a wand.
The puff of flame hits you!
You die...

.. #. ###
#.. ... #..
# #.#
#.@.###.#
#..#.#.#####
#...........
#..@.?...y#
#####.###..
.# .. ##


You could see Maurice and a hornet.

Vanquished Creatures
  A wyvern (D:7)
  A vampire mosquito (D:5)
  A water moccasin (D:7)
  2 sky beasts
  2 ice beasts (D:6)
  3 ogres
  A phantom (D:5)
  A centaur (D:5)
  A bullfrog (D:7)
  8 scorpions
  3 wights (D:7)
  A killer bee (D:8)
  A howler monkey (D:7)
  3 hounds
  A jelly (D:4)
  2 orc priests
  A sleepcap (D:8)
  An iguana (D:7)
  2 orc wizards (D:5)
  Robin (D:3)
  6 adders
  3 white imps
  A worm (D:2)
  19 orcs
  4 endoplasms
  7 giant cockroaches
  11 goblins
  7 hobgoblins
  6 jackals
  A kobold (D:8)
  5 ball pythons
  A bat (D:1)
  A frilled lizard (D:1)
  A rat (D:1)
  A butterfly (D:5)
111 creatures vanquished.

Notes
Turn   | Place    | Note
-------+----------+-------------------------------------------
     0 | D:1      | Craxx the Troll Fighter began the quest for the Orb.
     0 | D:1      | Reached XP level 1. HP: 22/22 MP: 0/0
   249 | D:1      | Reached XP level 2. HP: 29/29 MP: 1/1
   618 | D:3      | Reached XP level 3. HP: 32/36 MP: 2/2
   708 | D:3      | Noticed Robin
   737 | D:3      | Killed Robin
   768 | D:4      | Reached XP level 4. HP: 23/44 MP: 3/3
   784 | D:4      | Reached skill level 3 in Unarmed Combat
   794 | D:4      | Found a staircase to the Ecumenical Temple.
   803 | Temple   | Entered the Ecumenical Temple
   947 | Temple   | Became a worshipper of Trog the Wrathful
  1423 | D:4      | Reached XP level 5. HP: 50/53 MP: 4/4
  1427 | D:4      | Noticed an ogre
  1434 | D:4      | Killed an ogre
  1615 | D:5      | Entered Level 5 of the Dungeon
  1615 | D:5      | Noticed an ogre
  1615 | D:5      | Found Ecliosch's Assorted Antiques.
  1621 | D:5      | Killed an ogre
  1622 | D:5      | Reached skill level 4 in Unarmed Combat
  1622 | D:5      | Reached XP level 6. HP: 61/61 MP: 5/5
  1672 | D:5      | Found a runed translucent door.
  1674 | D:5      | Noticed a vampire mosquito
  1675 | D:5      | Found a runed translucent door.
  1691 | D:5      | Killed a vampire mosquito
  1692 | D:5      | Reached skill level 5 in Unarmed Combat
  1705 | D:5      | Reached XP level 7. HP: 33/67 MP: 6/6
  1920 | D:5      | Reached skill level 6 in Unarmed Combat
  1985 | D:5      | Reached * piety under Trog
  2014 | D:5      | Reached XP level 8. HP: 78/78 MP: 7/7
  2395 | D:6      | Reached skill level 5 in Shields
  2613 | D:6      | Reached skill level 7 in Unarmed Combat
  2843 | D:7      | Reached skill level 8 in Unarmed Combat
  2934 | D:7      | Reached XP level 9. HP: 78/85 MP: 8/8
  2958 | D:7      | Reached skill level 1 in Stealth
  3722 | D:8      | HP: 4/85 [killer bee (2)]
  3724 | D:8      | Noticed Maurice
  3724 | D:8      | Killed from afar by Maurice

Illustrated notes

Levels and vault maps discovered:
D:1:      scummos_arrival_star, layout_basic, serial_shops, shop_statue,
          chequers_serial_rivers_small_3, minmay_misc_feat_enclosed,
          minmay_unequal
D:2:      layout_loops_cross
D:3:      layout_rooms, lemuel_tele_altar, uniq_robin
D:4:      layout_basic, minmay_temple_entry_glass, portal_sewer_entry_d
D:5:      lemuel_insect_pit, layout_cave_pools, hangedman_decor_riveting,
          nicolae_stop_n_shop_2, nrook_campfire
D:6:      layout_cave_pools, minmay_misc_feat_rugged
D:7:      layout_rooms, mainiacjoe_overflow_divided_tiny
D:8:      layout_loops_ring, uniq_joseph, uniq_maurice
Temple:   mainiacjoe_temple_bowtie_tessellation

Skill      XL: |  1  2  3  4  5  6  7  8  9 |
---------------+----------------------------+-----
Shields        | 3 4 5 |  5.8
Unarmed Combat | 3 4 5 6 8 |  8.8
Fighting       | 3 4 |  4.5
Dodging        | 3 4 |  4.6
Stealth        | 1 |  1.0

Action                     |  1- 3 |  4- 6 |  7- 9 || total
---------------------------+-------+-------+-------++-------
  Melee: Unarmed           |    90 |    78 |   214 ||   382
    Use: Potion            |     6 |     1 |     3 ||    10
         Scroll            |       |     1 |    14 ||    15
   Stab: Invisible         |     1 |       |       ||     1
         Sleeping          |       |     1 |       ||     1
 Armour: Robe              |    26 |    14 |    63 ||   103
  Dodge: Dodged            |    27 |    23 |    86 ||   136
  Block: Kite shield       |    29 |    44 |   169 ||   242
